 Dungeon Crawl Stone Soup version 0.32-a0-786-g3ef9c6c (webtiles) character file.

Game seed: 14092617238002113733

10 Dorkslayer the Ducker (level 2, -1/21 HPs)
             Began as an Octopode Fighter on Mar 19, 2024.
             Slain by an adder (2 damage)
             ... on level 2 of the Dungeon.
             The game lasted 00:01:31 (516 turns).

Dorkslayer the Ducker (Octopode Fighter)             Turns: 516, Time: 00:01:31

Health: -1/21      AC:  1    Str: 15    XL:     2   Next: 20%
Magic:  2/2        EV: 12    Int: 10    God:
Gold:   43         SH:  4    Dex: 11    Spells: 1/1 levels left

rFire   + . .        a - +0 war axe
rCold   + . .        b - +0 buckler
rNeg    . . .        (helmet restricted)
rPois   +            (no amulet)
rElec   +            (no ring)
rCorr   +            (no ring)
SInv    .            (no ring)
Will    .....        (no ring)
Stlth   ++           (no ring)
HPRegen 0.23/turn    (no ring)
MPRegen 0.08/turn    (no ring)
                     (no ring)

%: no passive effects
@: resistant, attractive
A: almost no armour, amphibious, 8 rings, camouflage 1, gelatinous body 1,
(nimble swimmer 1), tentacles
a: no special abilities


You were on level 2 of the Dungeon.
You visited 1 branch of the dungeon, and saw 2 of its levels.

You collected 43 gold pieces.

Inventory:

Hand Weapons
 a - a +0 war axe (weapon)
Armour
 b - a +0 buckler (worn)
Scrolls
 d - a scroll of enchant weapon {unknown}
 e - a scroll of fog {unknown}
 g - a scroll of enchant armour {unknown}
 h - a scroll of immolation {unknown}
 i - a scroll of revelation {unknown}
 j - a scroll of teleportation {unknown}
Potions
 c - a potion of might
 f - a potion of attraction
 k - a potion of resistance


   Skills:
 + Level 3.1 Fighting
 + Level 2.0 Axes
 + Level 3.2 Dodging
 * Level 0.5 Stealth
 + Level 3.1 Shields


You had one spell level left.
You didn't know any spells.
Your spell library contained the following spells:

 Spells                   Type           Power      Damage    Failure   Level
 Call Imp                 Summ           0%         N/A       58%         2
 Sublimation of Blood     Necr           0%         N/A       58%         2
 Summon Hydra             Summ           0%         N/A       100%        7


Dungeon Overview and Level Annotations

Branches:
Dungeon (2/15)

Altars:


Innate Abilities, Weirdness & Mutations

You cannot wear most types of armour.
You are amphibious.
You can wear up to eight rings at the same time.
Your skin changes colour to match your surroundings (Stealth+).
Your rubbery body absorbs attacks. (AC +1, EV +1)
((You are camouflaged when in or above water. (Stealth+)))
You have tentacles for arms and can constrict up to eight enemies at once.


Message History

Found 9 gold pieces.
There is a stone staircase leading up here.
You now have 43 gold pieces (gained 9).
A hobgoblin comes into view.
The hobgoblin shouts!
The hobgoblin barely misses you.
You barely miss the hobgoblin. You grab the hobgoblin.
You squeeze the hobgoblin, but do no damage.
You constrict the hobgoblin. The hobgoblin hits you.
You slash the hobgoblin!
You kill the hobgoblin!
An adder comes into view.
The adder moves out of view.
The adder hisses angrily.
You hear a shout!
A kobold comes into view.
It is wielding a +2 dagger of protection.
You closely miss the adder. Your grab misses the adder.
You block the adder's attack.
You miss the adder. Your grab misses the adder. Your squeeze misses the adder.
The adder bites you. x2
You are poisoned.
The adder poisons you!
You closely miss the adder. Your grab misses the adder.
You feel sick. The adder closely misses you. The adder bites you.
You barely miss the adder. You grab the adder. Your squeeze misses the adder.
You barely miss the kobold. You constrict the adder.
You feel sick. The adder bites you.
* * * LOW HITPOINT WARNING * * *
The kobold hits you with a +2 dagger of protection.
* * * LOW HITPOINT WARNING * * *
The adder closely misses you.
It was a potion of attraction.
You feel attractive to monsters.
You constrict the adder.
You feel sick. The adder barely misses you. You block the kobold's attack.
It was a potion of resistance.
You feel protected.
You constrict the adder.
You feel sick.
You are no longer poisoned.
The adder bites you.
You die...

..#.#.# .# ...#..
....... ....#
......####...#
.............# .
.......##...####...
#..........K......
#.........@S......
#.................
#####..............#..
#........#.........#
#.######.##........#
#.##.. ...+........+
#.##.###.##...#....#
###.##.#<#.###........
#........#.# #.#######


You could see an adder and a kobold.

Vanquished Creatures
  A giant cockroach (D:1)
  A goblin (D:1)
  2 hobgoblins
  3 kobolds (D:1)
  A quokka (D:1)
  A ball python (D:1)
9 creatures vanquished.

Notes
Turn   | Place    | Note
-------+----------+-------------------------------------------
     0 | D:1      | Dorkslayer the Octopode Fighter began the quest for the
                  | Orb.
     0 | D:1      | Reached XP level 1. HP: 16/16 MP: 1/1
     3 | D:1      | Noticed a barachi
     5 | D:1      | Noticed a spriggan
     7 | D:1      | Noticed an octopode
     7 | D:1      | Noticed a human
     9 | D:1      | Noticed a naga
     9 | D:1      | Noticed a gargoyle
    11 | D:1      | Noticed a ghoul
    11 | D:1      | Noticed a demigod
    13 | D:1      | Noticed a dwarf
    13 | D:1      | Noticed a formicid
    15 | D:1      | Noticed a djinni
    15 | D:1      | Noticed an elf
    17 | D:1      | Noticed a vine stalker
    17 | D:1      | Noticed a minotaur
    19 | D:1      | Noticed a felid
    21 | D:1      | Noticed an oni
    21 | D:1      | Noticed a merfolk
    23 | D:1      | Noticed a troll
    25 | D:1      | Noticed a draconian
    25 | D:1      | Noticed a vampire
    27 | D:1      | Noticed a demonspawn
    27 | D:1      | Noticed an armataur
    37 | D:1      | Noticed a tengu
   340 | D:1      | Found a faded altar of an unknown god.
   342 | D:1      | Reached XP level 2. HP: 20/21 MP: 2/2
   516 | D:2      | HP: 1/21 [poisoned by an adder]
   516 | D:2      | Slain by an adder

Illustrated notes

Levels and vault maps discovered:
D:1:      kb_arrival_jail, layout_rooms, hellmonk_ecumenical_altar_prayer_group,
          hangedman_decor_slide_cut
D:2:      layout_basic, minmay_worlds_worst_comb

Action                     || total
---------------------------++-------
  Melee: War axe           ||    16
         Constrict         ||     6
         Tentacles         ||     4
    Use: Potion            ||     2
   Stab: Sleeping          ||     1
 Armour: Skin              ||    12
  Dodge: Dodged            ||     8
  Block: Buckler           ||     4

Table legend: (Time is in decaauts)
 A = Elapsed time spent in this place.
 B = Non-inter-level travel time spent in this place.
 C = Inter-level travel time spent in this place.
 D = Time resting spent in this place.
 E = Time spent auto-exploring this place.
 F = Levels seen in this place.
 G = Mean time per level.
                   A        B        C        D        E       F      G
               +--------+--------+--------+--------+--------+-----+--------+
         Total |    522 |    522 |      0 |      0 |    169 |   2 |  261.0 |
       Dungeon |    522 |    522 |      0 |      0 |    169 |   2 |  261.0 |
               +--------+--------+--------+--------+--------+-----+--------+

Top non-repeatable levels by time:
     D:1: 485 daAuts
     D:2: 37 daAuts
